 Dungeon Crawl Stone Soup version 0.22-a0-448-g1fb7470005 (webtiles) character file.

119 Oravi the Changer (level 5, -14/37 HPs)
             Began as a Merfolk Transmuter on June 4, 2018.
             Was an Initiate of Ashenzari.
             Blown up by Ijyb (22 damage)
             ... with a wand of disintegration (10)
             ... on level 3 of the Dungeon.
             The game lasted 00:06:38 (2139 turns).

Oravi the Changer (Merfolk Transmuter)              Turns: 2139, Time: 00:06:38

Health: -14/37     AC:  2    Str: 11    XL:     5   Next: 3%
Magic:  6/8        EV: 21    Int: 13    God:    Ashenzari [......]
Gold:   29         SH:  0    Dex: 19    Spells: 2/8 levels left

rFire    . . .     SeeInvis .     - Unarmed
rCold    . . .     Gourm    .   (shield currently unavailable)
rNeg     + . .     Faith    .   (armour currently unavailable)
rPois    x         Spirit   .   (helmet currently unavailable)
rElec    .         Reflect  .   (cloak currently unavailable)
rCorr    .         Harm     .   (gloves currently unavailable)
MR       .....                  (boots currently unavailable)
Stlth    ++........             (no amulet)
HPRegen  0.12/turn              h - ring of positive energy
MPRegen  0.11/turn              (no ring)

@: spider-form
A: tiny, (change form in water), (swift swim), (stealthy swim)
a: End Transformation, Curse Item, Renounce Religion


You were on level 3 of the Dungeon.
You worshipped Ashenzari.
Ashenzari was noncommittal.
You were not hungry.
You were a venomous arachnid creature.
You visited 1 branch of the dungeon, and saw 3 of its levels.

You collected 29 gold pieces.

Inventory:

Missiles
 a - 12 arrows
Armour
 b - a +0 robe (melded)
 e - a +0 pair of gloves
 f - a +0 buckler
 o - a cursed -1 pair of gloves (melded)
Jewellery
 h - a ring of positive energy (left front leg)
Scrolls
 k - a scroll of teleportation {unknown}
 l - a scroll of enchant weapon {unknown}
Potions
 g - a potion of might
 i - a potion of lignification
 j - a potion of curing {unknown}
 m - a potion of flight {unknown}
Comestibles
 c - a chunk of flesh
 d - 3 rations


   Skills:
 - Level 1.1 Fighting
 - Level 2.6 Dodging
 - Level 3.2 Unarmed Combat
 - Level 2.0 Spellcasting
 + Level 5.8 Transmutations
 + Level 2.4 Poison Magic


You had 2 spell levels left.
You knew the following spells:

 Your Spells              Type           Power        Failure   Level  Hunger
a - Spider Form           Tmut/Pois      ##........   32%         3    ####...
b - Sticks to Snakes      Tmut           ###.....     12%         2    ###....
c - Beastly Appendage     Tmut           ###...       9%          1    ##.....

Your spell library contained the following spells:

 Spells                   Type           Power        Failure   Level  Hunger
 Blade Hands              Tmut           ###.......   75%         5    ######.
 Ice Form                 Ice/Tmut       #.......     78%         4    #####..


Dungeon Overview and Level Annotations

Branches:
Dungeon (3/15)

Altars:
Ashenzari
Gozag

Shops:
D:2 *

Annotations:
D:3 Ijyb


Message History

You hit Ijyb.
Ijyb looks as sick as possible!
Ijyb is moderately wounded.
Ijyb misses you.
You hit Ijyb.
Ijyb looks as sick as possible!
Ijyb is heavily wounded.
You hit Ijyb but do no damage.
Ijyb is heavily wounded.
Ijyb misses you.
You hit Ijyb.
Ijyb looks as sick as possible!
Ijyb is almost dead.
Ijyb zaps a wand.
You are blasted!
You hit Ijyb but do no damage.
Ijyb looks as sick as possible!
Ijyb is almost dead.
Ijyb zaps a wand.
You are blasted!
* * * LOW HITPOINT WARNING * * *
You are too injured to fight recklessly!
You are too injured to fight recklessly!
Ijyb zaps a wand.
You are blasted!
Ouch! That really hurt!
You die...

.# ##########.#
...........# #
...........##.#
.............
...........#
.......g...#
.......<...#
.......s...#
...........#
##########.# .#
. #


You could see Ijyb.

Vanquished Creatures
  Terence (D:2)
  3 gnolls (D:2)
  2 adders (D:2)
  A dart slug (D:2)
  4 giant cockroaches (D:1)
  5 goblins
  5 hobgoblins
  4 jackals (D:2)
  10 kobolds
  A quokka (D:2)
  A ball python (D:2)
  3 bats
  6 rats
46 creatures vanquished.

Notes
Turn   | Place    | Note
-------+----------+-------------------------------------------
     0 | D:1      | Oravi the Merfolk Transmuter began the quest for the Orb.
     0 | D:1      | Reached XP level 1. HP: 15/15 MP: 3/3
    25 | D:1      | Reached skill level 3 in Transmutations
   142 | D:1      | Reached XP level 2. HP: 15/21 MP: 3/5
   304 | D:1      | Reached skill level 4 in Transmutations
   628 | D:2      | Found an opulent altar of Gozag.
   644 | D:2      | Reached XP level 3. HP: 22/26 MP: 4/6
   648 | D:2      | Learned a level 2 spell: Sticks to Snakes
   652 | D:2      | Learned a level 3 spell: Spider Form
   709 | D:2      | Reached skill level 5 in Transmutations
   720 | D:2      | Found Gozag's Platinum Reserve.
   732 | D:2      | Noticed Terence
   762 | D:2      | HP: 1/26 [Terence/mace (4)]
   960 | D:2      | Killed Terence
   960 | D:2      | Reached skill level 1 in Poison Magic
   960 | D:2      | Reached XP level 4. HP: 21/32 MP: 0/7
  1229 | D:2      | Found a shattered altar of Ashenzari.
  1700 | D:2      | Became a worshipper of Ashenzari the Shackled
  1998 | D:3      | Noticed Ijyb
  2012 | D:2      | Reached XP level 5. HP: 26/37 MP: 1/8
  2139 | D:3      | Blown up by Ijyb

Vault maps used:
D:1:      mrwooster_arrival_arrow, minmay_pentomino_w2
D:2:      nicolae_gozag_zags_fifth_avenue, ashenzari_conservatory_becter,
          uniq_terence
D:3:      lemuel_upstairs_altar, first_ration, uniq_ijyb

Skill      XL: |  1  2  3  4 |
---------------+-------------+-----
Transmutations | 3 4 5 |  5.8
Poison Magic   | 1 2 |  2.4
Fighting       | |  1.1
Dodging        | |  2.6
Unarmed Combat | |  3.2
Spellcasting   | |  2.0

Action                   |  1- 3 |  4- 6 || total
-------------------------+-------+-------++-------
Melee: Unarmed           |   116 |    49 ||   165
       Headbutt          |    15 |     1 ||    16
       Tailslap          |     2 |       ||     2
 Cast: Beastly Appendage |    13 |     1 ||    14
       Spider Form       |     3 |     9 ||    12
  Use: Scroll            |     1 |     1 ||     2
 Stab: Sleeping          |     2 |       ||     2
  Eat: Chunk             |     1 |     5 ||     6
Armor: Robe              |     9 |       ||     9
       Skin              |     1 |     1 ||     2
Dodge: Dodged            |    75 |    52 ||   127

Table legend:
 A = Spawn XP
 B = Non-spawn XP
 C = Spawn XP percentage of total XP
 D = Spawn monster count
 E = Non-spawn monster count
 F = Spawn count percentage of total count
 G = Total turns spent on level
                    A         B        C        D         E        F      G
               +---------+---------+-------+---------+---------+-------+---------
         Total |       0 |     171 |   0.0 |       0 |      46 |   0.0 |  2139
               +---------+---------+-------+---------+---------+-------+---------
           D:1 |       0 |      30 |   0.0 |       0 |      20 |   0.0 |   628
           D:2 |       0 |     141 |   0.0 |       0 |      26 |   0.0 |  1498
               +---------+---------+-------+---------+---------+-------+---------
